 Dungeon Crawl Stone Soup version 0.27.1-1-g398f81649c (webtiles) character file.

Game seed: 5503430415663591138

6006 speeev33 the Fighter (level 10, -17/103 HPs)
             Began as a Minotaur Berserker on Sept 12, 2021.
             Was a High Priest of Trog.
             Demolished by a death yak (21 damage)
             ... on level 8 of the Dungeon on Sept 13, 2021.
             The game lasted 00:14:35 (9502 turns).

speeev33 the Fighter (Minotaur Berserker)           Turns: 9502, Time: 00:14:36

Health: -17/103    AC: 15    Str: 26    XL:     10   Next: 56%
Magic:  9/9        EV:  8    Int:  4    God:    Trog [*****.]
Gold:   35         SH:  0    Dex:  8    Spells: 9/9 levels left

rFire    . . .     SeeInvis .   i - +8 war axe of Haotita {venom, rCorr Str+2 Dex-3}
rCold    . . .     Faith    .   (no shield)
rNeg     . . .     Spirit   .   b - +0 plate armour
rPois    .         Reflect  .   (helmet restricted)
rElec    .         Harm     .   v - +0 cloak {Will+}
rCorr    +         Rampage  .   (no gloves)
Will     +....                  (no boots)
Stlth    ..........             q - amulet of the acrobat
HPRegen  0.27/turn              (no ring)
MPRegen  0.11/turn              (no ring)

@: no status effects
A: horns 2, retaliatory headbutt
a: Renounce Religion, Berserk, Trog's Hand, Brothers in Arms


You were on level 8 of the Dungeon.
You worshipped Trog.
Trog was extremely pleased with you.
You visited 1 branch of the dungeon, and saw 9 of its levels.

You collected 455 gold pieces.
You spent 420 gold pieces at shops.

Inventory:

Hand Weapons
 i - the +8 war axe of Haotita (weapon) {venom, rCorr Str+2 Dex-3}
   (You found it on level 6 of the Dungeon)

   It poisons the flesh of those it strikes.
   Str:       It affects your strength (+2).
   Dex:       It affects your dexterity (-3).
   rCorr:     It protects you from acid and corrosion.
 m - a +0 flail
Missiles
 g - 2 throwing nets (quivered)
Armour
 b - a +0 plate armour (worn)
 v - a +0 cloak of willpower (worn)
Jewellery
 q - an amulet of the acrobat (around neck)
Wands
 k - a wand of digging (6)
 l - a wand of iceblast (30)
 o - a wand of polymorph (8)
 u - a wand of mindburst (11)
Scrolls
 a - 3 scrolls of teleportation
 n - a scroll of enchant armour
Potions
 c - a potion of berserk rage
 d - a potion of resistance
 e - a potion of attraction
 f - a potion of lignification
 j - a potion of flight
 p - a potion of ambrosia {unknown}
 r - a potion of haste {unknown}
 s - a potion of brilliance {unknown}
 t - a potion of curing


   Skills:
 + Level 14.1 Fighting
 + Level 10.2 Long Blades
 + Level 9.9 Armour
 - Level 3.1 Dodging


You had 9 spell levels left.
You didn't know any spells.
Your spell library was empty.

Dungeon Overview and Level Annotations

Branches:
Dungeon (9/15)             Temple (0/1) D:7
   Lair: D:8-11         Orc: D:9-12

Altars:
Ashenzari
Cheibriados
Dithmenos
Okawaru
Qazlal
Ru
Uskayaw
Vehumet
Wu Jian
The Shining One

Shops:
D:1 [(=(   D:6 (   D:7 [

Annotations:
D:6 2 runed translucent doors, mainiacjoe's ghost, novice TrCj
D:7 2 transporters, Ekaitz's ghost, novice DECj


Innate Abilities, Weirdness & Mutations

You have a pair of horns on your head.
You reflexively headbutt those who attack you in melee.


Message History

You headbutt the elephant, but do no damage.
The elephant is lightly wounded.
The elephant tramples you but does no damage.
The elephant trunk-slaps you but does no damage.
You slash the elephant!
The elephant looks as sick as possible!
The elephant is moderately wounded.
The elephant tramples you!
You stumble backwards!
The elephant tramples you!
You stumble backwards!
You slash the elephant!
The elephant looks as sick as possible!
The elephant is heavily wounded.
The elephant tramples you.
You stumble backwards!
You slash the elephant!
The elephant looks as sick as possible!
You headbutt the elephant.
The elephant is almost dead.
The elephant tramples you!
You stumble backwards!
The elephant completely misses you. You furiously retaliate!
You headbutt the elephant!
You kill the elephant!
Trog accepts your kill.
Your plate armour prevents you from hitting the death yak.
You headbutt the death yak!
The death yak is lightly wounded.
The death yak gores you.
You slash the death yak!
You headbutt the death yak, but do no damage.
The death yak is moderately wounded.
The death yak gores you!
The death yak gores you but does no damage.
You slash the death yak!
The death yak is moderately wounded.
The death yak gores you!
* * * LOW HITPOINT WARNING * * *
You hit the death yak.
The death yak is poisoned.
The death yak is moderately wounded.
The death yak barely misses you. The death yak gores you!
* * * LOW HITPOINT WARNING * * *
You slice the death yak!!
The death yak is severely wounded.
The death yak gores you!!
You die...

####.#####+#+#.###+#....).)......
# #.....#.#.#.#........).)..####
####.###.#.#.#.#........##...# #
.....<.....#.#.#........##...# #
...........#.#.#.###....##...# #
........##.#.#.#[###....##...# #
#######....#.#.#.##.....###### #
#######.##.#.#.#.##....## ######
.............#.#@##....# #.....
#######.##.###.#Y##....# #.....
........##.# #.#o##....# #.....
.##.....##.# #.#.###########.....
.....##.##.# #.#.# #...........
....###.##.###.#.# #...........
............##.#.# #...........
###.###.##..##.#.# #......#####
..#.#...##..##.#.## #...........


You could see a death yak (very poisoned) and an orc.

Vanquished Creatures
  A two-headed ogre (D:8)
  Pikel (D:7)
  An elephant (D:8)
  A kobold demonologist (D:9)
  Grinder (D:6)
  Prince Ribbit (D:4)
  3 yaks
  Menkaure (D:6)
  A water moccasin (D:6)
  3 orc warriors
  An ice beast (D:6)
  2 black bears (D:6)
  3 necrophages
  A phantom (D:6)
  4 centaurs
  2 ogres (D:5)
  A lemure (D:7)
  A bullfrog (D:7)
  5 scorpions
  A wyvern skeleton (D:6)
  7 killer bees
  A howler monkey (D:6)
  A bullfrog zombie (D:6)
  A centaur zombie (D:8)
  7 orc priests
  3 hounds
  Natasha (D:2)
  A bullfrog skeleton (D:6)
  3 iguanas
  Terence (D:3)
  9 orc wizards
  2 killer bee zombies
  A hound skeleton (D:4)
  3 howler monkey zombies
  7 gnolls
  16 adders
  A shadow imp (D:7)
  2 dart slugs
  29 orcs
  6 bats
  4 endoplasms
  4 giant cockroaches
  7 goblins
  5 hobgoblins
  5 jackals (D:4)
  10 kobolds
  A quokka (D:1)
  7 ball pythons
  3 frilled lizards (D:2)
  9 rats
192 creatures vanquished.

Vanquished Creatures (others)
  3 fungi (D:9)
  3 plants (D:9)
6 creatures vanquished.

Grand Total: 198 creatures vanquished

Notes
Turn   | Place    | Note
-------+----------+-------------------------------------------
     0 | D:1      | speeev33 the Minotaur Berserker began the quest for the
                  | Orb.
     0 | D:1      | Reached XP level 1. HP: 19/19 MP: 0/0
   120 | D:1      | Found Jaboj's Antique Armour Shop.
   197 | D:1      | Reached XP level 2. HP: 27/27 MP: 1/1
   232 | D:1      | Found Ozawnev's Antique Weapon Shoppe.
   495 | D:1      | Found Alocyonez's Antique Weapon Boutique.
   544 | D:1      | Reached skill level 4 in Fighting
   619 | D:1      | Found Rittiudi's Jewellery Boutique.
   826 | D:1      | Reached skill level 11 in Fighting
   826 | D:1      | Reached XP level 3. HP: 47/47 MP: 2/2
   932 | D:2      | Reached XP level 4. HP: 50/55 MP: 3/3
  1037 | D:2      | Reached ** piety under Trog
  1150 | D:2      | Noticed Natasha
  1154 | D:2      | Killed Natasha
  1321 | D:2      | Reached XP level 5. HP: 61/61 MP: 4/4
  1668 | D:3      | Noticed Terence
  1673 | D:3      | Killed Terence
  2061 | D:4      | Found a stormy altar of Qazlal.
  2063 | D:4      | Found a hide-covered altar of Uskayaw.
  2063 | D:4      | Found a broken altar of Ashenzari.
  2064 | D:4      | Found an ornate altar of the Wu Jian Council.
  2091 | D:4      | Noticed a necrophage
  2096 | D:4      | Killed a necrophage
  2097 | D:4      | Reached XP level 6. HP: 68/68 MP: 5/5
  2127 | D:4      | Reached *** piety under Trog
  2322 | D:4      | Reached skill level 5 in Long Blades
  2443 | D:4      | Reached XP level 7. HP: 75/75 MP: 6/6
  3029 | D:5      | Entered Level 5 of the Dungeon
  3032 | D:5      | Reached skill level 12 in Fighting
  3032 | D:5      | Reached skill level 5 in Armour
  3032 | D:5      | Noticed Prince Ribbit
  3469 | D:4      | Killed Prince Ribbit
  3470 | D:4      | Reached XP level 8. HP: 16/83 MP: 7/7
  3784 | D:5      | Found a sacrificial altar of Ru.
  3959 | D:1      | Bought a brightly glowing war axe for 195 gold pieces
  3959 | D:1      | Identified the +3 war axe of Theory {vorpal, rF+ Str+2
                  | Stlth+} (You bought it in a shop on level 1 of the Dungeon)
  4293 | D:5      | Found an iron altar of Okawaru.
  4554 | D:6      | Found Rauklit's Antique Weapon Boutique.
  5414 | D:6      | Noticed Grinder
  5426 | D:6      | Reached XP level 9. HP: 83/92 MP: 8/8
  5426 | D:6      | Noticed Menkaure
  5428 | D:6      | Killed Grinder
  5431 | D:6      | Reached **** piety under Trog
  5437 | D:6      | Killed Menkaure
  5642 | D:6      | Reached skill level 13 in Fighting
  5907 | D:6      | Identified the +8 war axe of Haotita {venom, rCorr Str+2
                  | Dex-3}
  6134 | D:6      | Found a large runed translucent door.
  6134 | D:6      | Found a large runed translucent door.
  6138 | D:6      | Noticed mainiacjoe's ghost (novice TrCj)
  6529 | D:7      | Found a staircase to the Ecumenical Temple.
  6771 | D:7      | Found a transporter.
  6771 | D:7      | Noticed Ekaitz's ghost (novice DECj)
  6777 | D:7      | Noticed a death knight
  6789 | D:7      | Found a transporter.
  6870 | D:7      | Found Dupru's Antique Armour Shoppe.
  7381 | D:7      | Found a glowing golden altar of the Shining One.
  7381 | D:7      | Noticed Pikel
  7391 | D:7      | Killed Pikel
  7770 | D:8      | Found a shadowy altar of Dithmenos.
  7899 | D:8      | Reached XP level 10. HP: 99/101 MP: 9/9
  7923 | D:8      | Reached ***** piety under Trog
  8396 | D:8      | Found a radiant altar of Vehumet.
  8407 | D:8      | Found a snail-covered altar of Cheibriados.
  8828 | D:7      | Bought an embroidered cloak for 225 gold pieces
  8892 | D:9      | Noticed a soul eater
  9040 | D:9      | Noticed a two-headed ogre
  9041 | D:9      | Noticed a death yak
  9041 | D:9      | Noticed an elephant
  9055 | D:8      | Killed a two-headed ogre
  9056 | D:8      | Reached skill level 10 in Long Blades
  9341 | D:8      | Reached skill level 14 in Fighting
  9497 | D:8      | Killed an elephant
  9501 | D:8      | HP: 3/103 [death yak (17)]
  9502 | D:8      | Demolished by a death yak

Illustrated notes

Levels and vault maps discovered:
D:1:      minmay_arrival_glassed_features, layout_basic, serial_corexii_hall,
          corexii_hall_statues_x, corexii_hall_statues_x,
          corexii_hall_statues_x, chequers_hall_statues_corner_a, serial_shops,
          shop, shop, shop, shop, amethyst_killhole, minmay_tripent
D:2:      layout_loops_ring, chequers_jeans, uniq_natasha
D:3:      layout_rooms, minmay_distorted, uniq_terence
D:4:      layout_basic, grunt_temple_overflow_open
D:5:      layout_basic, old_standard_altar, lemuel_coloured_pillars_altar,
          uniq_prince_ribbit1
D:6:      layout_loops_ring, ebering_ghost_disaster_area, serial_shops, shop,
          uniq_grinder, uniq_menkaure
D:7:      layout_loops_ring, tso_altar, minmay_temple_entry_purple_smoke,
          gammafunk_ghost_arena, serial_shops, shop_fountains, uniq_pikel
D:8:      layout_basic, grunt_dithmenos_smoke, mainiacjoe_overflow_big_doors,
          st_stairs_11, item_on_display_a
D:9:      layout_loops_ring, grunt_temple_overflow_growth_and_decay,
          nicolae_gozag_cash_rules_everything_around_me, david_lair_generic

Skill      XL: |  1  2  3  4  5  6  7  8  9 10 |
---------------+-------------------------------+-----
Fighting       | 11 12 13 14 | 14.1
Long Blades    | 4 5 6 7 9 10 | 10.2
Armour         | 3 4 5 7 8 9 |  9.9
Dodging        | 3 |  3.1

Action                   |  1- 3 |  4- 6 |  7- 9 | 10-12 || total
-------------------------+-------+-------+-------+-------++-------
Melee: Falchion          |    22 |       |       |       ||    22
       Headbutt          |     2 |    11 |    46 |    10 ||    69
       Short sword       |    15 |   108 |    57 |       ||   180
       War axe           |       |       |   173 |    54 ||   227
Throw: Throwing net      |       |       |     2 |       ||     2
Invok: Berserk           |       |       |     1 |       ||     1
Evoke: Wand              |       |       |     8 |       ||     8
  Use: Scroll            |     6 |     5 |     2 |       ||    13
       Potion            |     1 |       |     1 |       ||     2
 Stab: Sleeping          |       |     2 |       |       ||     2
Armor: Animal skin       |     8 |    13 |       |       ||    21
       Chain mail        |       |    29 |    82 |       ||   111
       Plate armour      |       |       |    85 |    56 ||   141
Dodge: Dodged            |    20 |    58 |   159 |    40 ||   277
       Rpst.: Falchion   |     4 |       |       |       ||     4
